 Dungeon Sprint DCSS version 0.27.1-33-g824d729ab1 (webtiles) character file.

Game seed: 763051052383860236

15152 Adenis the Ninja (level 11, -37/65 HPs)
             Began as a Vampire Brigand on Dec 7, 2021.
             Was an Elder of Trog.
             Killed by an exploding ball lightning (45 damage)
             ... in the Dungeon (Sprint I: "Red Sonja").
             The game lasted 00:15:40 (3424 turns).

Adenis the Ninja (Vampire Brigand)                  Turns: 3424, Time: 00:15:41

Health: -37/65     AC:  8    Str:  5 (6)  XL:     11   Next: 98%
Magic:  7/7        EV: 13    Int:  9      God:    Trog [****..]
Gold:   163        SH:  0    Dex: 16      Spells: 10/10 levels left

rFire    . . .     SeeInvis +   p - +8 quick blade of Fee Simple {vorpal, rN++ rCorr}
rCold    . . .     Faith    .   (no shield)
rNeg     + + .     Spirit   .   q - +2 swamp dragon scales
rPois    +         Reflect  .   (no helmet)
rElec    .         Harm     .   c - +0 cloak
rCorr    +         Rampage  .   (no gloves)
Will     +....     Rnd*Rage +   (no boots) Stlth +++++++++.NoTele +
                                (no amulet)
HPRegen  0.40/turn              (no ring)
MPRegen  0.10/turn              (no ring)

@: unable to read, flying (expiring), healing quickly, slowed, very slow
A: alive, fangs 3, see invisible, vampiric 2, berserk 3, clumsy 2, deformed
body, deterioration 2, dopey 2, frail 3, low mp 3, screaming 2, weak 2, no
potion heal 2, subdued magic 3, inability to read while threatened
a: Exsanguinate, Renounce Religion, Berserk, Trog's Hand, Brothers in Arms


You were in the Dungeon.
You worshipped Trog.
Trog was greatly pleased with you.
You visited 1 branch You collected 1567 gold pieces.
You spent 1404 gold pieces at shops.

Inventory:

Hand Weapons
 a - a +2 dagger
 o - a +6 vorpal quick blade
 p - the +8 quick blade of Fee Simple (weapon) {vorpal, rN++ rCorr}
   (Trog gifted it to you in the Dungeon)

   It inflicts extra damage upon your enemies.
   rN:        It greatly protects you from negative energy.
   rCorr:     It protects you from acid and corrosion.
Missiles
 d - 8 poisoned darts (quivered)
 e - 6 curare-tipped darts
Armour
 b - a +0 robe
 c - a +0 cloak (worn)
 q - +2 swamp dragon scales (worn)
Wands
 j - a wand of flame (31)
 l - a wand of iceblast (9)
Scrolls
 m - a scroll of identify
Potions
 f - 3 potions of curing
 g - a potion of cancellation
 h - a potion of haste
 i - 2 potions of magic
 n - 2 potions of ambrosia {unknown}
 r - a potion of heal wounds


   Skills:
 + Level 11.4 Fighting
 + Level 16.3 Short Blades
 + Level 4.6 Throwing
 + Level 4.4 Armour
 + Level 10.8 Dodging
 O Level 27 Stealth


You had 10 spell levels left.
You didn't know any spells.
Your spell library was empty.

Dungeon Overview and Level Annotations

Branches:
Dungeon (1/1)

Altars:
Cheibriados
Dithmenos
Elyvilon
Fedhas
Gozag
Hepliaklqana
Kikubaaqudgha
Makhleb
Nemelex Xobeh
Okawaru
Qazlal
Ru
Sif Muna
Trog
Uskayaw
Vehumet
Wu Jian
Xom
Yredelemnul
Zin
The Shining One
Jiyva
Lugonu

Shops:
D ([[[*[!![([([=[[[:[[?

Annotations:
D Lom Lobon, Tiamat


Innate Abilities, Weirdness & Mutations

Your natural rate of healing is accelerated.
You have razor-sharp teeth.
You have supernaturally acute eyesight. (SInv)
You are afflicted with vampirism and can become a bat while bloodless.
You have an uncontrollable temper.
You are very clumsy. (Dex -4)
Armour fits poorly on your strangely shaped body.
Your body often deteriorates upon taking damage.
You are very dopey. (Int -4)
You are extremely frail. (-30% HP)
Your magical capacity is extremely low. (-30% MP)
You frequently scream uncontrollably at your foes.
You are very weak. (Str -4)
Potions cannot restore your health.
Your spells are much easier to cast, but much less powerful.
You sometimes lose the ability to read scrolls when taking damage.


Message History

You see here a +2 great sword of flaming.
There is an open door, spattered with blood here.
You see here a +1 great sword of flaming.
You see here a +1 great sword of flaming.
Your library has no spells.
Press: ? - help, v - describe, . - travel The floor.
Blink to where?
Press: ? - help, Dir - move target
As you read the scroll of blinking, it crumbles to dust.
Really walk into a travel-excluded area?
Okay, then.
Really walk into a travel-excluded area?
There is an open door here.
Really walk into a travel-excluded area?
Lom Lobon, Demon Lord of Forbidden Knowledge comes into view.
You avoid triggering an arrow trap.
Lom Lobon screams, "Crawl home, thou gorbellied whey-faced giglet!"
Lom Lobon gestures.
A freezing vortex appears around Lom Lobon!
There is an arrow trap here.
You fail to use your ability.
The freezing vortex lifts you up.
You fly up into the air.
Found a knobbly glowing staff.
You avoid triggering an arrow trap.
You are engulfed in whirling frost.
Lom Lobon gestures.
Found a glowing dagger. 3 ball lightnings come into view.
You fail to use your ability.
You are engulfed in dark miasma.
You feel yourself slow down.
You feel threatened and lose the ability to read scrolls!
* * * LOW HITPOINT WARNING * * *
Your body deteriorates!
You feel weakened.
The ball lightning explodes!
The blast of lightning engulfs Lom Lobon.
Lom Lobon completely resists.
The blast of lightning engulfs the ball lightning.
The ball lightning completely resists.
The blast of lightning engulfs you!!!
Ouch! That really hurt!
You die...

#§§#(.[#####...####
####......)..###...
##(......#####.^°○#
##):....##○○°○§°○§#
#.....##○§§○§○§°§#
##.....# °°○§§*§°○#
########## #○§§§§§#
##≈≈≈≈≈≈≈≈d#§○&§§○####
###########°§§§@○○|)#
#..0..'...°°§○§§§#)}'[=
################## ###


You could see Lom Lobon (vortex) and a ball lightning (wandering).

Vanquished Creatures
  A fire giant (D)
  A hydra (D)
  Sonja (D)
  A deep troll (D)
  An oklob plant (D)
  8 shining eyes (D)
  2 kobold demonologists (D)
  4 unseen horrors (D)
  A demonic crawler (D)
  A hornet (D)
  A slime creature (D)
  2 redbacks (D)
  A yak (D)
  Sigmund (D)
  5 hogs (D)
  7 floating eyes (D)
  An ogre (D)
  2 jellies (D)
  Ijyb (D)
42 creatures vanquished.

Vanquished Creatures (collateral kills)
  3 fire giants (D)
  2 centaur warriors (D)
  A lindwurm (D)
  3 unseen horrors (D)
  3 demonic crawlers (D)
  8 hogs (D)
  7 necrophages (D)
  6 jellies (D)
33 creatures vanquished.

Vanquished Creatures (others)
  3 hornets (D)
  2 ball lightnings (D)
  2 ballistomycete spores (D)
7 creatures vanquished.

Grand Total: 82 creatures vanquished

Notes
Turn   | Place    | Note
-------+----------+-------------------------------------------
     0 | D        | Adenis the Vampire Brigand began the quest for the Orb.
     0 | D        | Reached XP level 1. HP: 16/16 MP: 1/1
     2 | D        | Noticed Ijyb
    10 | D        | Killed Ijyb
    11 | D        | Reached skill level 9 in Stealth
    11 | D        | Reached XP level 2. HP: 23/23 MP: 2/2
    41 | D        | Noticed an ogre
    44 | D        | Killed an ogre
    45 | D        | Reached skill level 12 in Stealth
    45 | D        | Gained mutation: You are afflicted with vampirism and can
                  | become a bat while bloodless. [Vampire growth]
    45 | D        | Reached XP level 3. HP: 29/29 MP: 3/3
    45 | D        | Reached XP level 4. HP: 35/35 MP: 4/4
    55 | D        | Noticed Sigmund
    58 | D        | Killed Sigmund
    59 | D        | Reached skill level 5 in Short Blades
    59 | D        | Reached skill level 15 in Stealth
    59 | D        | Reached XP level 5. HP: 42/42 MP: 5/5
    72 | D        | Found an ornate altar of the Wu Jian Council.
    72 | D        | Found a shimmering blue altar of Sif Muna.
    74 | D        | Found a radiant altar of Vehumet.
    79 | D        | Reached XP level 6. HP: 48/48 MP: 6/6
    81 | D        | Found Rotedem's Armour Emporium.
    81 | D        | Found an ancient bone altar of Kikubaaqudgha.
    81 | D        | Found a hazy altar of Hepliaklqana.
    81 | D        | Found a stormy altar of Qazlal.
    81 | D        | Found a hide-covered altar of Uskayaw.
    81 | D        | Found a blossoming altar of Fedhas.
    81 | D        | Found a bloodstained altar of Trog.
    81 | D        | Found an iron altar of Okawaru.
    81 | D        | Found a basalt altar of Yredelemnul.
    81 | D        | Found a snail-covered altar of Cheibriados.
    81 | D        | Found a sacrificial altar of Ru.
    81 | D        | Found a shadowy altar of Dithmenos.
    81 | D        | Noticed a yak
   104 | D        | HP: 1/48 [yak (6)]
   123 | D        | Killed a yak
   124 | D        | Reached skill level 17 in Stealth
   124 | D        | Found an opulent altar of Gozag.
   125 | D        | Found a sparkling altar of Nemelex Xobeh.
   130 | D        | Became a worshipper of Trog the Wrathful
   168 | D        | Noticed Sonja
   172 | D        | Killed Sonja
   173 | D        | Reached skill level 5 in Fighting
   173 | D        | Reached skill level 19 in Stealth
   173 | D        | Reached XP level 7. HP: 47/56 MP: 7/7
   173 | D        | Reached XP level 8. HP: 52/62 MP: 8/8
   190 | D        | Found Cann's Weapon Boutique.
   200 | D        | Noticed a shining eye
   200 | D        | Noticed a shining eye
   200 | D        | Noticed a shining eye
   200 | D        | Noticed a shining eye
   200 | D        | Noticed a shining eye
   200 | D        | Noticed a shining eye
   202 | D        | Reached * piety under Trog
   203 | D        | Reached skill level 20 in Stealth
   204 | D        | Gained mutation: You sometimes lose the ability to read
                  | scrolls when taking damage. [a shining eye]
   206 | D        | Noticed a shining eye
   206 | D        | Noticed a shining eye
   209 | D        | Gained mutation: Your magical capacity is low. (-10% MP) [a
                  | shining eye]
   210 | D        | Gained mutation: You are clumsy. (Dex -2) [a shining eye]
   210 | D        | Gained mutation: Your magical capacity is very low. (-20%
                  | MP) [a shining eye]
   211 | D        | Gained mutation: Your body sometimes deteriorates upon
                  | taking damage. [a shining eye]
   212 | D        | Reached skill level 5 in Dodging
   212 | D        | Gained mutation: Your spells are a little easier to cast,
                  | but a little less powerful. [a shining eye]
   214 | D        | Reached ** piety under Trog
   214 | D        | Gained mutation: You occasionally shout uncontrollably at
                  | your foes. [a shining eye]
   216 | D        | Killed a shining eye
   217 | D        | Reached skill level 21 in Stealth
   217 | D        | Gained mutation: You frequently scream uncontrollably at
                  | your foes. [a shining eye]
   218 | D        | Killed a shining eye
   219 | D        | Reached skill level 22 in Stealth
   219 | D        | Reached XP level 9. HP: 69/69 MP: 7/7
   223 | D        | Gained mutation: You are frail. (-10% HP) [a shining eye]
   228 | D        | Gained mutation: Your body often deteriorates upon taking
                  | damage. [a shining eye]
   236 | D        | Gained mutation: You are very frail. (-20% HP) [a shining
                  | eye]
   238 | D        | Gained mutation: You are very clumsy. (Dex -4) [a shining
                  | eye]
   240 | D        | Gained mutation: Armour fits poorly on your strangely
                  | shaped body. [a shining eye]
   245 | D        | Gained mutation: Potions are less effective at restoring
                  | your health. [a shining eye]
   245 | D        | Lost mutation: Your magical capacity is very low. (-20% MP)
                  | [a shining eye]
   250 | D        | Gained mutation: You are extremely frail. (-30% HP) [a
                  | shining eye]
   250 | D        | Gained mutation: Your magical capacity is very low. (-20%
                  | MP) [a shining eye]
   253 | D        | Gained mutation: Potions cannot restore your health. [a
                  | shining eye]
   255 | D        | Killed a shining eye
   256 | D        | Reached skill level 23 in Stealth
   256 | D        | Gained mutation: You are dopey. (Int -2) [a shining eye]
   256 | D        | Gained mutation: Your magical capacity is extremely low.
                  | (-30% MP) [a shining eye]
   262 | D        | Gained mutation: You are weak. (Str -2) [a shining eye]
   265 | D        | Gained mutation: You are very dopey. (Int -4) [a shining
                  | eye]
   272 | D        | Gained mutation: Your spells are easier to cast, but less
                  | powerful. [a shining eye]
   275 | D        | Gained mutation: Your spells are much easier to cast, but
                  | much less powerful. [a shining eye]
   278 | D        | Gained mutation: You are very weak. (Str -4) [a shining
                  | eye]
   280 | D        | Gained mutation: You tend to lose your temper in combat. [a
                  | shining eye]
   282 | D        | Gained mutation: You often lose your temper in combat. [a
                  | shining eye]
   283 | D        | Lost mutation: You are extremely frail. (-30% HP) [a
                  | shining eye]
   287 | D        | Gained mutation: You are extremely frail. (-30% HP) [a
                  | shining eye]
   288 | D        | Killed a shining eye
   288 | D        | Reached *** piety under Trog
   288 | D        | Gained mutation: You have an uncontrollable temper. [a
                  | shining eye]
   289 | D        | Reached skill level 10 in Short Blades
   330 | D        | Lost mutation: You have an uncontrollable temper. [a
                  | shining eye]
   331 | D        | Killed a shining eye
   332 | D        | Reached skill level 24 in Stealth
   332 | D        | Gained mutation: You have an uncontrollable temper. [a
                  | shining eye]
   338 | D        | Killed a shining eye
   347 | D        | Killed a shining eye
   347 | D        | Reached **** piety under Trog
   348 | D        | Reached XP level 10. HP: 55/55 MP: 7/7
   355 | D        | Killed a shining eye
   356 | D        | Reached skill level 25 in Stealth
   361 | D        | Found Golielu's Armour Shoppe.
   361 | D        | Found Bidas's Armour Boutique.
   361 | D        | Found Fauvuhol's Antique Armour Emporium.
   362 | D        | Found Uvehuit's General Store.
   433 | D        | Noticed a deep troll
   437 | D        | Killed a deep troll
   447 | D        | Found Iroim's Armour Emporium.
   466 | D        | Noticed a centaur warrior
   466 | D        | Noticed a centaur warrior
   471 | D        | Killed a centaur warrior
   473 | D        | Killed a centaur warrior
   725 | D        | Noticed an oklob plant
   727 | D        | Killed an oklob plant
   728 | D        | Reached skill level 26 in Stealth
   736 | D        | Reached ***** piety under Trog
  1021 | D        | Received a gift from Trog
  1350 | D        | Reached skill level 27 in Stealth
  1369 | D        | Found Wayr's Distillery.
  1369 | D        | Found Nagu's Distillery.
  1369 | D        | Found Luiwumul's Antique Armour Boutique.
  1371 | D        | Found Xodapsoa's Antique Weapon Emporium.
  1371 | D        | Found Hiwnin's Antique Armour Shop.
  1371 | D        | Found Ufonoxku's Weapon Shoppe.
  1371 | D        | Found Haeneb's Armour Boutique.
  1371 | D        | Found Kuiteoco's Jewellery Emporium.
  1371 | D        | Found Icupozay's Antique Armour Shop.
  1371 | D        | Found Wuegoodi's Antique Armour Shoppe.
  1375 | D        | Found Juloshok's Antique Armour Boutique.
  1376 | D        | Found Vur Nobigu's Antique Armour Emporium.
  1376 | D        | Found Piuhez's Book Boutique.
  1377 | D        | Found Ywuap's Magic Scroll Emporium.
  1507 | D        | Found a burning altar of Makhleb.
  1507 | D        | Found a viscous altar of Jiyva.
  1507 | D        | Found a shimmering altar of Xom.
  1507 | D        | Found a corrupted altar of Lugonu.
  1510 | D        | Reached ****** piety under Trog
  1510 | D        | Received a gift from Trog
  1511 | D        | Reached XP level 11. HP: 60/60 MP: 7/7
  1546 | D        | Identified the +9 quarterstaff of Excruciating Pain
                  | {vorpal, Will+ rCorr} (Trog gifted it to you in the
                  | Dungeon)
  1546 | D        | Received a gift from Trog
  1565 | D        | Noticed a lindwurm
  1569 | D        | Killed a lindwurm
  1755 | D        | Identified the +8 quick blade of Fee Simple {vorpal, rN++
                  | rCorr} (Trog gifted it to you in the Dungeon)
  1755 | D        | Received a gift from Trog
  1777 | D        | Reached skill level 15 in Short Blades
  1948 | D        | Noticed a 12-headed hydra
  1950 | D        | Killed a 12-headed hydra
  2042 | D        | Bought runed swamp dragon scales for 1378 gold pieces
  2199 | D        | Bought a scroll of identify for 26 gold pieces
  2439 | D        | Noticed a daeva
  2449 | D        | Reached skill level 10 in Fighting
  2684 | D        | Received a gift from Trog
  2685 | D        | Reached skill level 1 in Armour
  2688 | D        | Reached skill level 10 in Dodging
  2879 | D        | Noticed a fire giant
  2884 | D        | Noticed a fire giant
  2885 | D        | Noticed a fire giant
  2886 | D        | Noticed a fire giant
  2891 | D        | Killed a fire giant
  2904 | D        | Killed a fire giant
  2912 | D        | Killed a fire giant
  2972 | D        | Killed a fire giant
  3304 | D        | Found the +4 dragonskin cloak
  3304 | D        | Noticed Tiamat
  3420 | D        | Noticed Lom Lobon
  3424 | D        | Killed by an exploding ball lightning

Illustrated notes

Levels and vault maps discovered:
D:        dungeon_sprint_1 [red_sonja_temple_1, red_sonja_temple_small_1]

Skill      XL: |  1  2  3  4  5  6  7  8  9 10 11 |
---------------+----------------------------------+-----
Fighting       | 2 3 5 6 7 8 11 | 11.4
Short Blades   | 3 4 5 7 9 11 13 16 | 16.3
Throwing       | 2 3 4 |  4.6
Stealth        | 9 12 15 19 22 24 27 | 27.0
Dodging        | 2 4 5 6 7 10 | 10.8
Armour         | 4 |  4.4

Action                   |  1- 3 |  4- 6 |  7- 9 | 10-12 || total
-------------------------+-------+-------+-------+-------++-------
Melee: Dagger            |     7 |    43 |   135 |    40 ||   225
       Bite              |     2 |     4 |    23 |     9 ||    38
       Quick blade       |       |       |       |    57 ||    57
Invok: Brothers in Arms  |       |       |       |    13 ||    13
       Berserk           |       |       |       |     4 ||     4
  Use: Potion            |     1 |     2 |       |       ||     3
       Scroll            |       |       |       |     2 ||     2
 Stab: Sleeping          |     1 |     3 |     6 |    11 ||    21
Armor: Swamp dragon scal |       |       |       |     6 ||     6
       Robe              |       |       |       |     1 ||     1
Dodge: Dodged            |     2 |    14 |       |    41 ||    57
